 Dungeon Crawl Stone Soup version 0.30-a0-43-gbbf338a72c (webtiles) character file.

Game seed: 613886824430748876

140 Newt the Cutter (level 5, -3/41 HPs)
             Began as a Demonspawn Gladiator on Aug 31, 2022.
             Was an Initiate of Gozag.
             Blown up by Ijyb (12 damage)
             ... with a mindburst bolt
             ... on level 3 of the Dungeon.
             The game lasted 00:03:24 (3242 turns).

Newt the Cutter (Demonspawn Gladiator)              Turns: 3242, Time: 00:03:24

Health: -3/41      AC: 14    Str: 16    XL:     5   Next: 2%
Magic:  14/14      EV: 12    Int: 14    God:    Gozag
Gold:   140        SH:  0    Dex: 14    Spells: 4/4 levels left

rFire   . . .      SeeInvis .    p - +3 dagger "Uwomma" {vorpal, MP+9 Int+4}
rCold   . . .      Faith    .    (no shield)
rNeg    . . .      Spirit   .    b - +0 leather armour
rPois   .          Reflect  .    c - +0 helmet
rElec   .          Harm     .    (no cloak)
rCorr   .          Rampage  .    m - +0 pair of gloves
Will    .....                    (no boots)
Stlth   ++........               (no amulet)
HPRegen 0.13/turn                (no ring)
MPRegen 0.14/turn                (no ring)

@: sanguine armoured
A: sanguine armour 2
a: Renounce Religion, Potion Petition, Call Merchant, Bribe Branch


You were on level 3 of the Dungeon.
You worshipped Gozag.
Gozag was aware of your devotion.
You visited 1 branch of the dungeon, and saw 3 of its levels.

You collected 175 gold pieces.
You paid 35 gold pieces to Gozag.

Inventory:

Hand Weapons
 a - a +0 rapier
 h - a +3 short sword of flaming
 p - the +3 dagger "Uwomma" (weapon) {vorpal, MP+9 Int+4}
   (You found it on level 3 of the Dungeon)

   It inflicts extra damage upon your enemies.
   Int:       It affects your intelligence (+4).
   MP:        It affects your magic capacity (+9).
Missiles
 e - 5 javelins (quivered)
 n - 11 poisoned darts
Armour
 b - a +0 leather armour (worn)
 c - a +0 helmet (worn)
 m - a +0 pair of gloves (worn)
Scrolls
 j - 2 scrolls of silence
 o - 2 scrolls of immolation
 q - a scroll of torment {unknown}
 r - 2 scrolls of teleportation {unknown}
 s - a scroll of identify
Potions
 f - a potion of haste
 g - 2 potions of attraction
 i - 2 potions of curing
 k - a potion of ambrosia {unknown}
 l - a potion of degeneration


   Skills:
 + Level 3.4 Fighting
 - Level 4.0 Short Blades
 - Level 1.7 Throwing
 - Level 2.6 Dodging
 - Level 2.0 Stealth


You had 4 spell levels left.
You didn't know any spells.
Your spell library contained the following spells:

 Spells                   Type           Power      Damage    Failure   Level
 Cause Fear               Hex            0%         N/A       98%         4
 Dragon Form              Tmut           0%         N/A       100%        7
 Dragon's Call            Summ           0%         N/A       100%        9


Dungeon Overview and Level Annotations

Branches:
Dungeon (3/15)

Altars:
Gozag
Sif Muna

Annotations:
D:3 Ijyb


Innate Abilities, Weirdness & Mutations

When seriously injured, your blood forms thick armour. (AC +9)


Message History

There is an open door here.
You open the door.
There is an open door here.
Found an escape hatch in the floor.
Ijyb the Twisted Goblin comes into view.
She is wielding a +0 club and carrying a wand of mindburst (6).
Ijyb is nearby!
Ijyb is nearby!
Ijyb shouts!
Ijyb zaps a wand.
Your mind is blasted!
Ijyb screams, "Die!"
Found 3 scrolls labelled LIALUGI WEPAOHE.
Ijyb screams, "Die!"
Ijyb closely misses you.
You hit Ijyb but do no damage. Ijyb hits you but does no damage.
You hit Ijyb but do no damage.
Ijyb zaps a wand.
Your mind is blasted!
Your blood congeals into armour.
You are too injured to fight recklessly!
Unknown command.
Throw: 2 throwing nets
Press: ? - help, Q - select action, (/) - cycle Shift-Dir - straight line, f - Ijyb
Aim: Ijyb, wielding a +0 club, wearing a +0 leather armour and carrying a wand of mindburst (4) (51% to hit)
You throw a throwing net. The throwing net closely misses Ijyb.
Unknown command.
Throw: throwing net
Press: ? - help, Q - select action, (/) - cycle Shift-Dir - straight line, f/p - Ijyb
Aim: Ijyb, wielding a +0 club, wearing a +0 leather armour and carrying a wand of mindburst (4) (51% to hit)
You throw a throwing net. The throwing net hits Ijyb.
Ijyb is caught in the net!
Ijyb zaps a wand.
Your mind is blasted!
* * * LOW HITPOINT WARNING * * *
Ijyb struggles against the net.
You hit Ijyb but do no damage. You hit Ijyb but do no damage.
Ijyb struggles against the net.
You hit Ijyb.
Ijyb is moderately wounded.
Ijyb struggles against the net.
You barely miss Ijyb.
Ijyb is moderately wounded.
Ijyb zaps a wand.
Your mind is blasted!
You die...

######### ###
#.......#
..##.......#.#
........>.#.###
#........+...
.####.......#.#
#...#
.?............#
#...#
#g@.#....###...#
##.............##
##.##.......... $
#.#..........
..#.#.####..##
####'#+#####..#
#..........#.#
#..........#.##
#..........#..#


You could see Ijyb (caught).

Vanquished Creatures
  Terence (D:2)
  4 gnolls (D:3)
  2 worms (D:2)
  3 dart slugs
  An orc (D:3)
  3 bats
  3 endoplasms
  2 giant cockroaches
  6 goblins
  3 hobgoblins
  4 jackals (D:1)
  5 quokkas
  8 ball pythons
  7 frilled lizards
  6 kobolds
  3 rats
61 creatures vanquished.

Notes
Turn   | Place    | Note
-------+----------+-------------------------------------------
     0 | D:1      | Newt the Demonspawn Gladiator began the quest for the Orb.
     0 | D:1      | Reached XP level 1. HP: 16/16 MP: 1/1
    51 | D:1      | Reached skill level 1 in Stealth
   236 | D:1      | Gained mutation: When seriously injured, your blood forms
                  | armour. (AC +9) [demonic ancestry]
   236 | D:1      | Reached XP level 2. HP: 3/22 MP: 2/2
   673 | D:1      | Reached skill level 3 in Short Blades
   899 | D:1      | Found a faded altar of an unknown god.
   906 | D:1      | Reached XP level 3. HP: 23/27 MP: 3/3
  1112 | D:2      | Noticed Terence
  1121 | D:2      | Killed Terence
  1458 | D:2      | Reached XP level 4. HP: 32/33 MP: 4/4
  1492 | D:2      | Reached skill level 4 in Short Blades
  2457 | D:3      | Found an opulent altar of Gozag.
  2459 | D:3      | Identified the +3 dagger "Uwomma" {vorpal, MP+9 Int+4}
  2520 | D:3      | Became a worshipper of Gozag Ym Sagoz the Greedy
  2913 | D:3      | Gained mutation: When seriously injured, your blood forms
                  | thick armour. (AC +9) [demonic ancestry]
  2913 | D:3      | Reached XP level 5. HP: 21/41 MP: 5/5
  3176 | D:3      | Found a shimmering blue altar of Sif Muna.
  3230 | D:3      | Noticed Ijyb
  3242 | D:3      | Blown up by Ijyb

Illustrated notes

Levels and vault maps discovered:
D:1:      lemuel_arrival_lava_pool, layout_basic, basic_ecumenical_altar
D:2:      layout_basic, basic_altar, uniq_terence
D:3:      layout_basic, chequers_temple_overflow_statue_of_worship,
          mainiacjoe_overflow_two_lobes, mainiacjoe_overflow_paths,
          lemuel_coloured_pillars_altar, roderic_batcave,
          minmay_misc_feat_secret_circle, uniq_ijyb

Skill      XL: |  1  2  3  4 |
---------------+-------------+-----
Stealth        | 1 2 |  2.0
Short Blades   | 3 4 |  4.0
Fighting       | 3 |  3.4
Throwing       | |  1.7
Dodging        | |  2.6

Action                   |  1- 3 |  4- 6 || total
-------------------------+-------+-------++-------
Melee: Rapier            |    40 |       ||    40
       Short sword       |    70 |    34 ||   104
       Dagger            |       |    38 ||    38
Throw: Throwing net      |     2 |     3 ||     5
       Javelin           |     1 |     1 ||     2
       Dart              |       |     1 ||     1
  Use: Scroll            |     1 |     9 ||    10
       Potion            |       |     1 ||     1
 Stab: Held in net/web   |     2 |       ||     2
       Sleeping          |       |     5 ||     5
Armor: Leather armour    |    38 |    21 ||    59
Dodge: Dodged            |    78 |    36 ||   114

Table legend: (Time is in decaauts)
 A = Elapsed time spent in this place.
 B = Non-inter-level travel time spent in this place.
 C = Inter-level travel time spent in this place.
 D = Time resting spent in this place.
 E = Time spent auto-exploring this place.
 F = Levels seen in this place.
 G = Mean time per level.
                   A        B        C        D        E       F      G
               +--------+--------+--------+--------+--------+-----+--------+
         Total |   3227 |   3194 |     33 |    951 |   1815 |   3 | 1075.7 |
       Dungeon |   3227 |   3194 |     33 |    951 |   1815 |   3 | 1075.7 |
               +--------+--------+--------+--------+--------+-----+--------+

Top non-repeatable levels by time:
     D:2: 1310 daAuts
     D:1: 1102 daAuts
     D:3: 815 daAuts
